 Dungeon Crawl Stone Soup version 0.20.1-1-g8b1a95d (webtiles) character file.

1769 letownia2 the Reanimator (level 8, -8/67 HPs)
             Began as a Deep Dwarf Necromancer on Dec 18, 2017.
             Was an Initiate of Gozag.
             Mangled by Pikel
             ... wielding a +2 whip of electrocution
              (16 damage)
             ... on level 6 of the Dungeon.
             The game lasted 00:16:22 (6132 turns).

letownia2 the Reanimator (Deep Dwarf Necromancer)   Turns: 6132, Time: 00:16:22

Health: -8/67      AC: 11    Str: 12    XL:     8   Next: 80%
Magic:  2/19       EV: 11    Int: 18    God:    Gozag
Gold:   817        SH:  0    Dex: 13    Spells: 18/22 levels left

rFire    . . .     SeeInvis .   g - +6 dagger (venom)
rCold    . . .     Gourm    .   (no shield)
rNeg     + . .     Faith    .   y - +0 ring mail
rPois    .         Spirit   .   (no helmet)
rElec    .         Reflect  .   e - +1 cloak {+Inv}
rCorr    .         Harm     .   C - +2 pair of gloves
MR       +....                  x - +0 pair of boots
Stlth    +.........             t - amulet of rage
Regen    0.0/turn               z - ring of positive energy
MPRegen  0.2/turn               (no ring)

@: non-regenerating
A: damage resistance, heal wounds, sense surroundings 1, no regeneration
a: Heal Wounds, Potion Petition, Call Merchant, Bribe Branch, Renounce Religion,
Evoke Berserk Rage, Evoke Invisibility


You were on level 6 of the Dungeon.
You worshipped Gozag.
Gozag was pleased with you.
You were very hungry.

You visited 2 branches of the dungeon, and saw 8 of its levels.

You collected 872 gold pieces.
You paid 55 gold pieces to Gozag.

Inventory:

Hand Weapons
 f - a -1 dagger
 g - a +6 dagger of venom (weapon)
 B - a +0 shortbow
 D - a -1 spear
 N - a +3 quarterstaff of chaos
 O - a +0 mace of holy wrath
Missiles
 h - 11 bolts
 s - 117 arrows
Armour
 e - a +1 cloak of invisibility (worn)
 w - a +0 chain mail
 x - a +0 pair of boots (worn)
 y - a +0 ring mail (worn)
 C - a +2 pair of gloves (worn)
 I - a +1 chain mail of fire resistance
Jewellery
 t - an amulet of rage (around neck)
 z - a ring of positive energy (left hand)
Wands
 o - a wand of random effects (13/48)
 r - a wand of lightning (6/15)
 G - a wand of random effects (25/48)
 L - a wand of digging (0/24)
 M - a wand of flame (21/48)
Scrolls
 a - a scroll of enchant armour {unknown}
 b - a scroll of magic mapping {unknown}
 d - 2 scrolls of amnesia
 j - a scroll of fear {unknown}
 m - 2 scrolls of teleportation
 q - 6 scrolls of identify
 A - 2 scrolls of enchant weapon {unknown}
 E - 2 scrolls of recharging {unknown}
 F - a scroll of random uselessness {unknown}
Potions
 i - a potion of curing {unknown}
 k - 2 potions of berserk rage {unknown}
 l - 4 potions of heal wounds
 n - a potion of magic
 p - 2 potions of brilliance {unknown}
 u - a potion of haste
 H - 2 potions of degeneration {unknown}
Comestibles
 c - 3 bread rations
 v - 3 meat rations
 J - 2 fruits
 K - a royal jelly


   Skills:
 - Level 2.0 Fighting
 - Level 2.1 Dodging
 - Level 2.4 Stealth
 + Level 7.5 Spellcasting
 - Level 8.2 Necromancy
 - Level 3.2 Evocations


You had 18 spell levels left.
You knew the following spells:

 Your Spells              Type           Power        Failure   Level  Hunger
a - Pain                  Necr           ####         1%          1    None
v - Vampiric Draining     Necr           #####.....   2%          3    #......


Dungeon Overview and Level Annotations

Branches:
Dungeon (7/15)             Temple (1/1) D:4

Altars:
Ashenzari
Cheibriados
Dithmenos
Elyvilon
Fedhas
Gozag
Makhleb
Nemelex Xobeh
Qazlal
Ru
Sif Muna
Trog
Uskayaw
Xom
Yredelemnul
Zin
The Shining One

Shops:
D:4 %

Annotations:
D:3 2 transporters
D:6 Pikel


Innate Abilities, Weirdness & Mutations

You are resistant to damage.
You can heal yourself by infusing magical energy.
You passively map a small area around you.
You do not regenerate.


Message History

Aiming: Vampiric Draining
Press: ? - help, Shift-Dir - straight line, f/p - Pikel
Aim: Pikel, wielding a whip of electrocution and wearing a robe (heavily wounded) Pikel is severely wounded.
You feel life coursing into your body.
Pikel hits you with a whip of electrocution.
* * * LOW HITPOINT WARNING * * *
Unknown command.
Unknown command.
Unknown command.
You barely miss Pikel.
Pikel is severely wounded.
Pikel hits you but does no damage.
You are electrocuted!
* * * LOW HITPOINT WARNING * * *
Unknown command.
You hit Pikel but do no damage.
Pikel is poisoned.
Pikel is severely wounded.
Pikel hits you but does no damage.
You are electrocuted!
You die...
Your body crumbles into a pile of gold.

##............K.##.##.###....####
.................#.##.#.....##..#
...p..................#.#...#.#.)
#######...######.#.####.#....#..#
#####...# ####.#.## #.#...#..#.
#.......# #.......# #.######...
#.###...# #.##.#.># #.# ####
#.###...# # #$#$.###.# #.##....#
* #@K......# ###### ###.##.##.#
#.####..########..>.. #.#.....(.#
#.......#####.##.####
.#...#.###########.........#.#
###.....).......########.....#
.#.#.#.#...###..### #...###
..##.#.....#......# #####
####.#.......#..#.#
.....##....###..#.#


You could see Pikel.

Vanquished Creatures
  Grinder (D:3)
  A wraith (D:6)
  A water moccasin (D:5)
  Duvessa (D:6)
  3 slaves
  2 ogres (D:5)
  3 centaurs
  A bullfrog (D:6)
  Dowan (D:6)
  3 howler monkeys
  A crimson imp (D:5)
  A jelly (D:5)
  Crazy Yiuf (D:3)
  2 hounds
  2 orc priests
  A bullfrog skeleton (D:5)
  Ijyb (D:5)
  An iguana (D:5)
  2 worker ants
  An orc wizard (D:6)
  A hound zombie (D:6)
  A worker ant zombie (D:5)
  11 adders
  3 shadow imps
  An adder zombie (D:5)
  5 worms
  2 dart slugs
  3 leopard geckos
  8 orcs
  4 giant cockroaches
  4 hobgoblins
  5 jackals
  6 kobolds
  3 quokkas
  2 bats
  3 frilled lizards
  3 goblins
  A quokka zombie (D:5)
  4 rats
100 creatures vanquished.

Notes
Turn   | Place    | Note
-------+----------+-------------------------------------------
     0 | D:1      | letownia2 the Deep Dwarf Necromancer began the quest for the Orb.
     0 | D:1      | Reached XP level 1. HP: 15/15 MP: 3/3
    39 | D:2      | Reached XP level 2. HP: 5/22 MP: 0/5
   260 | D:3      | HP: 1/22 [adder (1)]
   346 | D:4      | Found a staircase to the Ecumenical Temple.
   372 | Temple   | Entered the Ecumenical Temple
   470 | D:4      | Reached XP level 3. HP: 2/28 MP: 0/6
   478 | D:4      | Learned a level 3 spell: Vampiric Draining
   533 | D:3      | Found a transporter.
   542 | D:3      | Reached skill level 5 in Necromancy
   611 | D:3      | Found a transporter.
   694 | D:3      | Found a glowing golden altar of the Shining One.
   759 | D:4      | Found Veicotow's Food Shop.
   847 | D:4      | Found a shattered altar of Ashenzari.
  1268 | Temple   | Became a worshipper of Gozag Ym Sagoz the Greedy
  1625 | D:4      | Reached XP level 4. HP: 24/36 MP: 1/9
  1891 | D:2      | Reached XP level 5. HP: 33/42 MP: 6/10
  2378 | D:2      | Found a hide-covered altar of Uskayaw.
  2381 | D:2      | Found a bloodstained altar of Trog.
  2384 | D:2      | Found a burning altar of Makhleb.
  2637 | D:1      | Reached skill level 6 in Necromancy
  2777 | D:3      | Noticed Grinder
  3026 | D:3      | Found a glowing silver altar of Zin.
  3084 | D:3      | Paralysed by Grinder for 5 turns
  3314 | D:5      | Entered Level 5 of the Dungeon
  3431 | D:5      | Reached skill level 1 in Fighting
  3486 | D:5      | Noticed a centaur
  3496 | D:5      | Killed a centaur
  3496 | D:5      | Reached XP level 6. HP: 24/52 MP: 1/11
  3570 | D:5      | Noticed Ijyb
  3580 | D:5      | Killed Ijyb
  3874 | D:5      | Noticed a water moccasin
  3881 | D:5      | Killed a water moccasin
  3881 | D:5      | Reached skill level 7 in Necromancy
  3881 | D:5      | Reached XP level 7. HP: 43/60 MP: 1/13
  4431 | D:5      | Reached skill level 8 in Necromancy
  4523 | D:5      | Reached skill level 5 in Spellcasting
  4691 | D:6      | Found a snail-covered altar of Cheibriados.
  4750 | D:6      | Noticed a wraith
  4777 | D:6      | Killed a wraith
  4777 | D:6      | Reached XP level 8. HP: 65/67 MP: 14/16
  4985 | D:6      | Reached skill level 1 in Evocations
  5001 | D:6      | Found a blossoming altar of Fedhas.
  5015 | D:6      | Noticed Dowan
  5017 | D:6      | Noticed Duvessa
  5046 | D:6      | Killed Duvessa
  5053 | D:6      | Killed Dowan
  5418 | D:6      | Found a basalt altar of Yredelemnul.
  5518 | D:6      | Noticed Pikel
  5805 | D:3      | Paralysed by Grinder for 7 turns
  5814 | D:3      | Killed Grinder
  5891 | D:3      | Found a runed door.
  5896 | D:3      | Noticed Crazy Yiuf
  5901 | D:3      | Killed Crazy Yiuf
  6132 | D:6      | Mangled by Pikel

Skill      XL: |  1  2  3  4  5  6  7  8 |
---------------+-------------------------+-----
Spellcasting   | 2 3 4 5 7 |  7.5
Necromancy     | 5 6 7 8 |  8.2
Fighting       | 1 2 |  2.0
Evocations     | 3 |  3.2
Dodging        | |  2.1
Stealth        | |  2.4

Action                   |  1- 3 |  4- 6 |  7- 9 || total
-------------------------+-------+-------+-------++-------
Melee: Unarmed           |     3 |       |       ||     3
       Dagger            |     6 |    22 |   244 ||   272
       Spear             |       |       |    34 ||    34
 Cast: Pain              |    28 |    76 |     6 ||   110
       Vampiric Draining |     8 |    16 |    35 ||    59
 Abil: Evoke Berserk Rag |       |       |     1 ||     1
Evoke: Wand              |       |    19 |     5 ||    24
  Use: Scroll            |       |     4 |     1 ||     5
 Stab: Sleeping          |     1 |       |       ||     1
       Confused          |       |       |     2 ||     2
  Eat: Chunk             |     3 |       |     2 ||     5
       Meat ration       |       |     1 |     1 ||     2
       Royal jelly       |       |     2 |       ||     2
       Fruit             |       |       |     2 ||     2
Armor: Robe              |     2 |       |       ||     2
       Leather armour    |     2 |       |       ||     2
       Ring mail         |       |    13 |   150 ||   163
Dodge: Dodged            |    20 |    31 |   184 ||   235
